AoeStats
← domiknocker

Baltic

510489933Analyzed
4v4 RM · 12h ago on Oct 1, 2026· 49m 19s· 8 players
Game mode
Random Map
Map size
Large (8 player)
Population
200
Speed
Normal
Resources
Standard
Victory
Conquest
Starting age
Dark Age
Ending age
Imperial Age
RankedLock teamsTeams togetherTeam positionsShared explorationLock speedFull tech treeHidden civsTurbo modeCheats
Victory
Defeat
🇰🇿 Inca · Kazakhstan
1053
+14
🇦🇺 Mongols · Australia
1003
+16
🇺🇸 Persians · United States
991
+17
🇦🇷 Slavs · Argentina
966
+18
🇨🇳 Burgundians · China
1025
-17
🇺🇸 Vikings · United States
1022
-17
🇮🇳 Cumans · India
994
-16
🇯🇵 Varangians · Japan
983
-15
Komfy Kaiju
5:35 Loom
12:13 Feudal Age
16:40 Castle Age
14:54 Double-Bit Axe
16:27 Horse Collar
32:13 Forging
32:04 Scale Mail Armor
31:33 Man-at-Arms
32:20 Squires
32:05 Arson
33:25 Fishing Lines
39:43 Imperial Age
37:38 Chain Mail Armor
37:58 Iron Casting
37:14 Fletching
38:46 Ballistics
38:06 Treadmill Crane
38:22 Murder Holes
38:40 Masonry
40:03 Bodkin Arrow
40:09 Padded Archer Armor
40:46 Conscription
41:02 Hoardings
40:30 Chieftains
39:51 Elite Berserk
40:02 Elite Varangian Guard
41:22 Plate Mail Armor
44:39 Blast Furnace
44:46 Pikeman
47:26 Bracer
48:03 Architecture
47:39 Siege Engineers
快乐的小跑
8:11 Loom
9:59 Feudal Age
12:37 Fishing Lines
14:53 Horse Collar
15:02 Double-Bit Axe
18:57 Bloodlines
21:28 Castle Age
20:14 Forging
20:21 Loom
22:02 Scale Barding Armor
23:17 Chain Barding Armor
26:54 Fletching
27:04 Padded Archer Armor
27:05 Scale Mail Armor
27:44 Bodkin Arrow
28:25 Iron Casting
31:08 Leather Archer Armor
31:08 Chain Mail Armor
33:30 Town Watch
36:38 Imperial Age
36:42 Capped Ram
38:43 Plate Barding Armor
39:08 Blast Furnace
38:24 Cavalier
39:16 Siege Ram
39:22 Siege Ram
41:57 Blast Furnace
pacoyyds
3:36 Loom
10:42 Horse Collar
10:48 Double-Bit Axe
14:20 Feudal Age
15:14 Bow Saw
15:19 Heavy Plow
19:11 Castle Age
17:52 Forging
21:02 Two-Man Saw
20:33 Crop Rotation
19:43 Cavalier
20:26 Husbandry
21:58 Stone Mining
24:19 Fervor
29:01 Wheelbarrow
28:26 Gold Mining
30:57 Gold Shaft Mining
30:50 Burgundian Vineyards
34:41 Imperial Age
33:49 Iron Casting
33:20 Scale Barding Armor
33:48 Hand Cart
33:20 Town Watch
35:38 Chain Barding Armor
34:42 Paladin
35:52 Conscription
35:58 Town Patrol
36:56 Plate Barding Armor
39:11 Blast Furnace
39:12 Fletching
39:19 Elite Coustillier
41:59 Hoardings
41:43 Bodkin Arrow
41:49 Murder Holes
42:42 Bracer
43:03 Masonry
43:15 Arrowslits
LWwcnm
shabolobodingdong
10:49 Feudal Age
12:04 Loom
12:12 Double-Bit Axe
12:10 Horse Collar
19:20 Castle Age
18:43 Bloodlines
21:22 Gold Mining
21:26 Stone Mining
21:45 Heavy Plow
23:28 Husbandry
24:27 Scale Barding Armor
27:55 Bow Saw
28:18 Stone Mining
31:27 Imperial Age
30:58 Gold Shaft Mining
31:23 Cavalier
32:28 Conscription
32:37 Chain Barding Armor
34:10 Savar
36:46 Plate Barding Armor
36:22 Forging
38:02 Wheelbarrow
39:16 Iron Casting
fmk1199
11:07 Feudal Age
15:24 Castle Age
13:28 Horse Collar
15:02 Loom
15:06 Double-Bit Axe
17:17 Wheelbarrow
19:06 Bow Saw
21:04 Town Watch
23:32 Stone Mining
23:49 Heavy Plow
23:53 Gold Mining
24:52 Stone Shaft Mining
25:46 Hand Cart
26:52 Gold Shaft Mining
26:45 Scale Mail Armor
27:00 Masonry
27:13 Ballistics
27:22 Squires
27:08 Arson
27:06 Treadmill Crane
28:06 Forging
27:49 Fletching
28:38 Murder Holes
28:35 Guard Tower
29:03 Town Patrol
29:23 Chain Mail Armor
30:08 Heated Shot
33:41 Imperial Age
32:25 Iron Casting
31:46 Bodkin Arrow
33:27 Caravan
33:49 Elite Kamayuk
34:52 Conscription
35:08 Hoardings
34:51 Guilds
35:17 Plate Mail Armor
35:49 Blast Furnace
35:29 Keep
34:42 Arrowslits
35:47 Fabric Shields
35:50 Bracer
36:53 Chemistry
37:08 Crop Rotation
SepeLio_O
4:09 Loom
11:28 Feudal Age
17:11 Castle Age
16:56 Scale Mail Armor
17:07 Forging
17:27 Man-at-Arms
18:20 Double-Bit Axe
20:34 Squires
21:50 Horse Collar
22:22 Bow Saw
22:38 Pikeman
22:39 Long Swordsman
32:40 Heavy Plow
34:41 Chain Mail Armor
41:43 Imperial Age
42:27 Iron Casting
42:20 Halberdier
44:24 Plate Mail Armor
45:52 Long Swordsman
47:35 Blast Furnace
47:53 Fletching
47:49 Two-Handed Swordsman
49:14 Wheelbarrow
domiknocker
5:07 Loom
14:01 Feudal Age
15:15 Double-Bit Axe
15:19 Fishing Lines
19:50 Fletching
23:39 Castle Age
22:15 Wheelbarrow
24:32 Forging
25:54 Scale Mail Armor
26:20 Medium Warships
26:38 Bow Saw
26:57 Squires
26:55 Arson
28:35 Chain Mail Armor
32:39 Clinker Construction
33:23 Careening
33:22 Bodkin Arrow
38:25 Padded Archer Armor
38:31 Scale Barding Armor
39:02 Iron Casting
38:44 Hand Cart
38:33 Gold Mining
42:24 Imperial Age
40:11 Leather Archer Armor
41:10 Gillnets
42:03 Ballistics
42:22 Gold Shaft Mining
41:56 Murder Holes
44:39 Chemistry
43:51 Fortified Wall
45:45 Bracer
45:27 Pikeman
Connection lost

Rejoining the realm…

Still unreachable

The connection could not be restored.

Session expired

The server has moved on; the page needs a fresh start.